 Dungeon Crawl Stone Soup version 0.27.0-1-g7a089689b8 (webtiles) character file.

Game seed: 16566458610474570466

219 Acheron the Covered (level 5, -6/46 HPs)
             Began as a Minotaur Fighter on Aug 2, 2021.
             Was a Plaything of Xom.
             Killed from afar by a steam dragon (18 damage)
             ... with a ball of steam
             ... on level 6 of the Dungeon.
             The game lasted 00:07:35 (2964 turns).

Acheron the Covered (Minotaur Fighter)              Turns: 2964, Time: 00:07:38

Health: -6/46      AC:  7    Str: 21    XL:     5   Next: 64%
Magic:  5/5        EV:  8    Int:  6    God:    Xom [..*...]
Gold:   222        SH:  9    Dex:  9    Spells: 5/5 levels left

rFire    . . .     SeeInvis .   a - +0 war axe
rCold    . . .     Faith    .   c - +0 kite shield
rNeg     . . .     Spirit   .   b - +0 scale mail
rPois    .         Reflect  .   (helmet restricted)
rElec    .         Harm     .   (no cloak)
rCorr    .         Rampage  .   (no gloves)
Will     .....                  (no boots)
Stlth    ..........             (no amulet)
HPRegen  0.15/turn              (no ring)
MPRegen  0.09/turn              (no ring)

@: no status effects
A: horns 2, retaliatory headbutt
a: Renounce Religion


You were on level 6 of the Dungeon.
You worshipped Xom.
You were a toy of Xom.
You visited 1 branch of the dungeon, and saw 6 of its levels.

You collected 222 gold pieces.

Inventory:

Hand Weapons
 a - a +0 war axe (weapon)
Armour
 b - a +0 scale mail (worn)
 c - a +0 kite shield (worn)
Magical Staves
 e - a staff of air
Jewellery
 n - a ring of ice
Potions
 d - 2 potions of might
 f - a potion of cancellation {unknown}
 g - a potion of flight
 h - 3 potions of heal wounds
 i - 2 potions of curing
 j - a potion of mutation {unknown}
 k - a potion of invisibility {unknown}
 l - a potion of brilliance
 m - a potion of attraction


   Skills:
 * Level 4.0 Fighting
 * Level 4.2 Axes
 * Level 4.5 Armour
 * Level 1.0 Dodging
 * Level 1.6 Stealth
 * Level 4.3 Shields
 * Level 0.9 Spellcasting
 * Level 0.6 Evocations


You had 5 spell levels left.
You didn't know any spells.
Your spell library was empty.

Dungeon Overview and Level Annotations

Branches:
Dungeon (6/15)
 Temple: D:4-7

Altars:
Xom

Annotations:
D:4 Dowan, Duvessa


Innate Abilities, Weirdness & Mutations

You have a pair of horns on your head.
You reflexively headbutt those who attack you in melee.


Message History

You open the door.
Found 11 stones.
Found a stone staircase leading down.
Found 23 sling bullets.
There is an open door here.
Found 15 stones.
There is a stone staircase leading down here.
You now have 213 gold pieces (gained 10).
There is a stone staircase leading down here.
You climb downwards.
Found 14 bolts and a scroll of vulnerability.
There is a stone staircase leading up here.
Found 9 gold pieces.
You now have 222 gold pieces (gained 9).
A steam dragon comes into view.
The steam dragon hisses angrily.
You block the steam dragon's attack. The steam dragon claws you.
Found a scale mail.
You closely miss the steam dragon. Your headbutt misses the steam dragon.
The steam dragon breathes steam at you. The ball of steam hits you!
You hear a shout!
You hear a howl!
You slash the steam dragon! You headbutt the steam dragon!
The steam dragon is severely wounded.
You are engulfed in a cloud of scalding steam.
You block the steam dragon's attack.
The steam dragon claws you but does no damage.
You block the steam dragon's attack. The steam dragon claws you.
You barely miss the steam dragon.
The steam dragon is severely wounded.
You are engulfed in a cloud of scalding steam.
The steam dragon bites you. The steam dragon closely misses you.
You closely miss the steam dragon. Your headbutt misses the steam dragon.
The steam dragon is severely wounded.
You are engulfed in a cloud of scalding steam.
* * * LOW HITPOINT WARNING * * *
A centaur comes into view. It is wielding a +0 flail.
The steam dragon breathes steam at you. The ball of steam hits you!!
You die...
Xom chortles!

##### .....# ......#
######
##....############.....
#....D@.§.§............
#.c.#..####.....###.#...
[ #.# #.........?... #.
#......##....# #
#..........<..
#.....##.#..##
#.....##.#....
##############


You could see a steam dragon (catching breath) and a centaur.

Vanquished Creatures
  A water moccasin skeleton (D:3)
  A howler monkey (D:3)
  An orc wizard (D:3)
  A hound skeleton (D:2)
  An adder (D:3)
  A howler monkey skeleton (D:5)
  2 worms
  4 dart slugs
  4 orcs (D:3)
  4 ball pythons
  9 bats
  6 endoplasms
  7 goblins
  2 hobgoblins (D:1)
  3 jackals (D:3)
  4 quokkas
  2 frilled lizards
  5 kobolds
  2 rats
60 creatures vanquished.

Notes
Turn   | Place    | Note
-------+----------+-------------------------------------------
     0 | D:1      | Acheron the Minotaur Fighter began the quest for the Orb.
     0 | D:1      | Reached XP level 1. HP: 19/19 MP: 0/0
   142 | D:1      | Reached skill level 1 in Stealth
   142 | D:1      | Reached XP level 2. HP: 27/27 MP: 1/1
   954 | D:2      | Reached XP level 3. HP: 33/33 MP: 2/2
  1515 | D:2      | Found a faded altar of an unknown god.
  1527 | D:2      | Became a worshipper of Xom of Chaos
  1736 | D:3      | Reached XP level 4. HP: 18/40 MP: 3/3
  1745 | D:3      | XOM: silly message
  1746 | D:3      | XOM: chaos cloud
  1949 | D:3      | Reached XP level 5. HP: 17/46 MP: 5/5
  1975 | D:3      | XOM: 2-stop teleportation journey
  2125 | D:3      | XOM: 2-stop teleportation journey
  2426 | D:3      | Reached skill level 1 in Dodging
  2667 | D:5      | Entered Level 5 of the Dungeon
  2705 | D:4      | Noticed Duvessa
  2705 | D:4      | Noticed Dowan
  2712 | D:4      | XOM: cast spell 'Cause Fear'
  2729 | D:4      | XOM: cast spell 'Alistair's Intoxication'
  2957 | D:6      | Noticed a steam dragon
  2964 | D:6      | Noticed a centaur
  2964 | D:6      | Killed from afar by a steam dragon

Illustrated notes

Levels and vault maps discovered:
D:1:      amcnicky_arrival_wind_blow, layout_loops_ring, minmay_pentomino_r4
D:2:      layout_basic, chequers_ecumenical_altar_simple, st_stairs_11
D:3:      layout_rooms
D:4:      layout_basic, uniq_duvessa, uniq_menkaure
D:5:      layout_basic, nicolae_uskayaw_suspiria, minmay_large_rounded_square
D:6:      layout_basic, mainiacjoe_overflow_brackets, minmay_circle_x

Skill      XL: |  1  2  3  4  5 |
---------------+----------------+-----
Stealth        | 1 |  1.6
Armour         | 4 |  4.5
Axes           | 3 4 |  4.2
Shields        | 4 |  4.3
Fighting       | 4 |  4.0
Dodging        | 1 |  1.0
Spellcasting   | |  0.9
Evocations     | |  0.6

Action                   |  1- 3 |  4- 6 || total
-------------------------+-------+-------++-------
Melee: War axe           |    97 |    50 ||   147
       Headbutt          |    15 |     8 ||    23
  Use: Scroll            |       |     7 ||     7
 Stab: Petrifying        |       |     1 ||     1
Armor: Scale mail        |    61 |    27 ||    88
Dodge: Dodged            |    29 |    16 ||    45
Block: Kite shield       |    70 |    29 ||    99
